 Dungeon Crawl Stone Soup version 0.30.0 (webtiles) character file.

Game seed: 9577807278612372066

314830 bonscott the Eclecticist (level 22, -17/160 HPs)
             Began as a Djinni Conjurer on Jan 7, 2024.
             Was the Champion of Makhleb.
             Killed from afar by an ironbound thunderhulk (42 damage)
             ... with a bolt of lightning
             ... on level 1 of the Vaults on Jan 10, 2024.
             The game lasted 07:49:48 (38774 turns).

bonscott the Eclecticist (Djinni Conjurer)         Turns: 38774, Time: 07:49:48

Health: -17/160    AC: 15    Str:  6    XL:     22   Next: 31%
Gold:   2860       EV: 14    Int: 32    God:    Makhleb [******] SH: 21 Dex: 15

rFire   + . .        b - +10 mace of Revolt {chaos, Will++ rCorr Int-2 Stlth+}
rCold   . . .        Y - +2 tower shield {rN+}
rNeg    + + .        O - +0 troll leather armour
rPois   ∞            k - +2 helmet {SInv}
rElec   .            f - +2 cloak
rCorr   +            N - +0 pair of gloves
SInv    +            (boots unavailable)
Will    ++++.        H - amulet of the acrobat
Stlth   ++++         n - ring of Mutualism {Ice Int+4 Slay+2}
HPRegen 1.26/turn    p - ring of Baargh {+Blink rN+ Dex+2 Stlth+}
MPRegen 0.00/turn

%: acrobat, infuse magic (-18 HP)
@: wereblooded, flying, studying Evocations
A: sickness immunity, fire resistance 2, cold vulnerability 1, float, innate
caster, HP casting, extra vitality 1
}: 2/15 runes: decaying, serpentine
a: Renounce Religion, Evoke Blink, Minor Destruction, Lesser Servant of Makhleb,
Major Destruction, Greater Servant of Makhleb


You were on level 1 of the Vaults.
You worshipped Makhleb.
Makhleb was exalted by your worship.
You visited 8 branches of the dungeon, and saw 35 of its levels.
You also visited: Ossuary, Bailey, Gauntlet and Volcano.

You collected 4916 gold pieces.
You spent 2056 gold pieces at shops.

Inventory:

Hand Weapons
 a - the +8 trident of the Octopus King {venom, rElec rPois}
   (You found it on level 2 of the Dungeon)

   rElec:     It insulates you from electricity.
   rPois:     It protects you from poison.
 b - the +10 mace of Revolt (weapon) {chaos, Will++ rCorr Int-2 Stlth+}
   (You found it on level 2 of the Elven Halls)

   Int:       It affects your intelligence (-2).
   rCorr:     It protects you from acid and corrosion.
   Will:      It greatly increases your willpower.
   Stlth:     It makes you more stealthy.
 c - the +8 lance "Wyrmbane" {slay drac, rPois rF+ rC+ AC+3}
   (You found it on level 3 of the Elven Halls)

   AC:        It affects your AC (+3).
   rF:        It protects you from fire.
   rC:        It protects you from cold.
   rPois:     It protects you from poison.
Missiles
 j - 4 javelins
 l - a throwing net
 z - 5 curare-tipped darts
 A - 2 silver javelins
Armour
 f - a +2 cloak (worn)
 k - a +2 helmet of see invisible (worn)
 N - a +0 pair of gloves (worn)
 O - a +0 troll leather armour (worn)
 Y - a +2 tower shield of positive energy (worn)
Magical Staves
 d - the staff of fire "Ijaleniv" {rF+ Dex+6 Stlth+}
   (You found it on level 3 of the Elven Halls)

   [staff of fire]

   Your inability to study Fire Magic prevents you from drawing on the full
   power of this staff in melee.
   Base accuracy: +5 Base damage: 5 Base attack delay: 1.2 This weapon's minimum
   attack delay (0.6) is reached at skill level 12.
   Dex:       It affects your dexterity (+6).
   rF:        It protects you from fire.
   Stlth:     It makes you more stealthy.
   It falls into the 'Staves' category.
   It is a one-handed weapon.
Jewellery
 n - the ring of Mutualism (left hand) {Ice Int+4 Slay+2}
   (You found it on level 3 of the Elven Halls)

   [ring of ice]

   It enhances your ice magic.
   Int:       It affects your intelligence (+4).
   Slay:      It affects your accuracy & damage with ranged weapons and melee
   (+2).
   rF:        It makes you vulnerable to fire.
   rC:        It protects you from cold.
 p - the ring of Baargh (right hand) {+Blink rN+ Dex+2 Stlth+}
   (You bought it in a shop on level 9 of the Dungeon)

   [ring of positive energy]

   Dex:       It affects your dexterity (+2).
   rN:        It protects you from negative energy.
   +Blink:    It lets you blink.
   Stlth:     It makes you more stealthy.
 H - an amulet of the acrobat (around neck)
 I - the amulet of Vitality {RegenMP++ Regen++}
   (You took it off a deep elf demonologist on level 3 of the Elven Halls)

   [amulet of magic regeneration]

   It increases your rate of magic regeneration.
   Regen:     It increases your rate of health regeneration.
 J - a ring of protection from cold
 L - a ring of wizardry
 X - a ring of wizardry
Wands
 h - a wand of mindburst (18)
 x - a wand of digging (29)
 y - a wand of charming (26)
 P - a wand of light (17)
 Q - a wand of iceblast (25)
Scrolls
 i - 11 scrolls of teleportation
 m - 14 scrolls of blinking
 q - 6 scrolls of butterflies
 v - 4 scrolls of fog
 C - 7 scrolls of fear
 E - 15 scrolls of poison
 F - 2 scrolls of silence
 M - 5 scrolls of immolation
 W - 5 scrolls of vulnerability
 Z - 5 scrolls of magic mapping
Potions
 g - 3 potions of haste
 o - 3 potions of heal wounds
 r - 2 potions of brilliance
 s - 19 potions of curing
 t - 12 potions of might
 u - 8 potions of lignification
 w - 7 potions of mutation
 B - 3 potions of resistance
 D - 5 potions of cancellation
 K - 2 potions of ambrosia
 S - 5 potions of invisibility
 V - 3 potions of attraction
Miscellaneous
 R - a tin of tremorstones (2/2)
 U - a phantom mirror


   Skills:
 + Level 14.8 Fighting
 - Level 14.0 Armour
 - Level 14.0 Dodging
 - Level 1.5 Stealth
 - Level 15.0 Shields
 + Level 18.3 Spellcasting
 - Level 12.0 Evocations


You knew the following spells:

 Your Spells              Type           Power      Damage    Failure   Level
a - Magic Dart            Conj           100%       1d8       0%          1
b - Wereblood             Tmut           98%        N/A       0%          2
c - Alistair's Intoxicat  Tmut/Pois      65%        N/A       1%          5
d - Dazzling Flash        Conj/Hex       100%       N/A       1%          3
f - Fulminant Prism       Conj/Hex       49%        3d21      1%          4
h - Summon Hydra          Summ           49%        N/A       9%          7
i - Iron Shot             Conj/Erth      49%        9d9       1%          6
m - Iskenderun's Mystic   Conj/Tloc      98%        2d19      1%          4
n - Borgnjor's Revivific  Necr           49%        N/A       54%         8
o - Ozocubu's Armour      Ice            100%       N/A       1%          3
r - Searing Ray           Conj           100%       2d8       0%          2
s - Starburst             Conj/Fire      49%        6d13      1%          6
t - Sting                 Tmut/Pois      100%       1d8       0%          1
v - Flame Wave            Conj/Fire      98%        2d20      1%          4
w - Swiftness             Air            98%        N/A       1%          3
Your spell library was empty.

Dungeon Overview and Level Annotations

Branches:
Dungeon (15/15)            Temple (1/1) D:6            Lair (5/5) D:10
  Swamp (4/4) Lair:2        Snake (4/4) Lair:2        Slime (0/5) Lair:5
    Orc (2/2) D:11            Elf (3/3) Orc:2        Vaults (1/5) D:13
 Depths (0/4) D:15        Ossuary (visited)          Bailey (visited)
Volcano (visited)         Gauntlet (visited)

Altars:
Cheibriados
Elyvilon
Fedhas
Hepliaklqana
Makhleb
Okawaru
Trog
Wu Jian
Xom
Zin
Jiyva

Shops:
D:3 *   D:5 =   D:7 (   D:8 *   D:9 ***   Orc:2 *?*:   Elf:2 [   Snake:1 **!(

Portals:
Trove: D:15 (give +6 ice dragon scales)

Annotations:
D:6 1 runed translucent door, BANAMAN's ghost, novice MiBe
D:7 3 runed translucent doors, geeeeen's ghost, novice GnIE
D:14 3 runed translucent doors, Oweat's ghost, journeyman MiBe
Lair:1 3 runed translucent doors, Jobeplinet's ghost, journeyman DjVM
Elf:2 1 runed translucent door


Innate Abilities, Weirdness & Mutations

You are immune to sickness and miasma.
You are immune to poison.
Your flesh is very heat resistant. (rF++)
You are vulnerable to cold. (rC-)
You float through the air rather than walking.
You learn spells naturally, not from books.
Your magical power is your life essence.
You have superior vitality. (+4 MHP)


Message History

Confirm with . or Enter, or press ? or * to list all spells.
Casting: Starburst (mildly dangerous; 1% risk of failure)
Press: ? - help, Dir - look around, f - activate The bolt of fire hits the war gargoyle.
The war gargoyle resists.
The war gargoyle is almost destroyed.
The bolt of fire hits the vault sentinel!!!
You feel a bit better.
You kill the vault sentinel!
Makhleb accepts your kill.
You feel better. You block the war gargoyle's attack.
Strange energies crackle from the ironbound thunderhulk's apparatus.
The ironbound thunderhulk blinks!
The war gargoyle launches metal splinters at you.
The spray of metal splinters hits you!
Casting: Starburst (mildly dangerous; 1% risk of failure)
Confirm with . or Enter, or press ? or * to list all spells.
Casting: Starburst (mildly dangerous; 1% risk of failure)
Press: ? - help, Dir - look around, f - activate The bolt of fire hits the war gargoyle!!
The war gargoyle resists.
You feel a bit better.
You destroy the war gargoyle!
Makhleb accepts your kill.
You feel better.
Casting: Starburst (mildly dangerous; 1% risk of failure)
Confirm with . or Enter, or press ? or * to list all spells.
You can't see any susceptible monsters within range! (Use Z to cast anyway.) Unknown command.
Casting: Starburst (mildly dangerous; 1% risk of failure)
Confirm with . or Enter, or press ? or * to list all spells.
Aiming: Fulminant Prism (safe; 1% risk of failure)
Press: ? - help, Dir - move target You conjure a prism of explosive energy!
A fulminant prism comes into view.
Electricity crackles from the ironbound thunderhulk's apparatus.
The bolt of lightning hits you!!!
* * * LOW HITPOINT WARNING * * *
You feel much better.
Electricity crackles from the ironbound thunderhulk's apparatus.
The bolt of lightning hits you!!!
You die...

#######################
.......................
.......................
...............[.......
###############'###....
...O.*.)..# ...
....)..)@.# .
...####...# .. #..##..#
####### .#.").#..#
......# .#.!..#..#
......# ..#O..##..#
......# ...### ...#
......# .... ...#
......# ... ...#


You could see an ironbound thunderhulk (ally target) and a friendly fulminant
prism.

Vanquished Creatures
  Mara (Snake:3)
  the Lernaean hydra (Swamp:4)
  Nikola (Swamp:3)
  Jorgrun (Swamp:3)
  Rupert (D:12)
  2 deep elf blademasters (Elf:3)
  Kirke (Snake:4)
  2 deep elf master archers (Elf:3)
  Gastronok (D:10)
  Frances (Swamp:1)
  2 thorn hunters
  A sphinx (Vaults:1)
  Agnes (Snake:4)
  Roxanne (Swamp:3)
  13 nagarajas (Snake:4)
  4 deep elf sorcerers
  A fenstrider witch (Swamp:4)
  Aizul (Snake:3)
  4 vault wardens (Vaults:1)
  An orc warlord (Vaults:1)
  An ironbound preserver (Vaults:1)
  A war gargoyle (Vaults:1)
  An eleionoma (Swamp:4)
  The ghost of Hulashix the Severer, a journeyman MiBe of Trog (Elf:3)
  2 ironbound thunderhulks (Vaults:1)
  5 deep elf demonologists
  The ghost of JaredAshtonScott the Fighter, a journeyman OgWn of Fedhas (Lair:5)
  6 deep elf annihilators
  Nessos (D:12)
  5 bunyips
  An entropy weaver (shapeshifter) (D:14)
  3 deep elf death magi (Elf:3)
  2 yaktaur captains (Vaults:1)
  2 deep elf high priests (Elf:3)
  Harold (Orc:1)
  A rakshasa (D:15)
  2 ogre magi
  Erolcha (Orc:1)
  15 hydras
  2 salamander tyrants
  Erica (Orc:1)
  11 vault guards
  2 ghost crabs (Swamp:3)
  6 alligators
  12 anacondas
  6 centaur warriors
  3 boulder beetles
  14 two-headed ogres
  4 catoblepae
  A vampire mage (Elf:1)
  2 ironbound frosthearts (Vaults:1)
  15 death yaks
  22 naga warriors
  4 shock serpents
  31 dancing weapons
  A hell hog (Volcano)
  10 naga sharpshooters
  6 orc high priests
  2 tengu warriors
  A shock serpent (shapeshifter) (D:15)
  22 deep elf knights
  A fire crab (shapeshifter) (D:15)
  2 skeletal warriors (D:15)
  A skyshark (Lair:5)
  4 salamander mystics (Snake:4)
  2 goliath frogs (Swamp:3)
  A flayed ghost (D:15)
  2 golden dragon zombies (D:15)
  A spriggan druid (Swamp:4)
  10 swamp dragons
  A glowing orange brain (Vaults:1)
  A bog body (Swamp:2)
  6 naga ritualists
  10 orc knights
  2 shadow demons (Elf:1)
  12 deep elf archers
  4 ironbound convokers (Vaults:1)
  A necromancer (D:15)
  2 wizards
  Pikel (D:5)
  5 lindwurms
  28 deep elf pyromancers
  31 deep elf zephyrmancers
  5 orc sorcerers
  4 cyclopes
  6 manticores
  13 salamanders
  8 ugly things
  A will-o-the-wisp (Swamp:4)
  4 mana vipers
  6 elephants
  11 guardian serpents
  3 vault sentinels (Vaults:1)
  Joseph (D:7)
  A torpor snail (Lair:5)
  25 black mambas
  14 naga magi
  3 gargoyles
  12 cane toads
  A rime drake (Lair:5)
  Maggie (D:6)
  An efreet (D:14)
  An unseen horror (D:12)
  6 kobold demonologists
  9 komodo dragons
  A freezing wraith (Vaults:1)
  2 yaktaurs
  2 tengu conjurers
  3 polar bears
  A burning bush (Lair:3)
  7 trolls
  A bloated husk (Swamp:2)
  12 tyrant leeches
  2 hornets (Swamp:4)
  8 blink frogs
  8 dream sheep
  4 air elementals
  10 slime creatures
  3 wyverns
  2 water elementals
  A centaur simulacrum (D:14)
  An ettin skeleton (D:15)
  2 fire bats (Volcano)
  2 spriggans (Swamp:4)
  A hog (Snake:4)
  54 yaks
  3 wraiths
  2 basilisks
  A vampire (D:14)
  A steam dragon (D:6)
  Menkaure (D:6)
  8 wargs
  A glowing shapeshifter zombie (D:15)
  32 nagas
  9 swamp worms
  20 water moccasins
  4 acid dragons
  6 swamp drakes
  A hell hound (Volcano)
  24 orc warriors
  A sky beast (D:5)
  A black bear (D:6)
  2 boggarts (Elf:1)
  15 centaurs
  28 ogres
  3 lemures (D:5)
  2 kobold brigands
  9 bullfrogs
  3 gnoll sergeants
  2 scorpions (D:5)
  An earth elemental (Elf:2)
  6 wights
  2 vampire bats (Orc:1)
  3 electric eels
  3 howler monkeys
  5 hounds
  2 jellies
  A gnoll bouda (Orc:2)
  17 orc priests
  3 sleepcaps
  Natasha (thrice) (D:4)
  4 iguanas
  26 orc wizards
  8 mummies (Ossuary)
  19 gnolls
  4 adders
  2 shadow imps
  A white imp (D:8)
  An ufetubus (D:4)
  15 dart slugs
  71 orcs
  14 ball pythons
  12 bats
  5 endoplasms
  5 giant cockroaches
  2 gnoll zombies (Ossuary)
  11 goblins
  10 hobgoblins
  14 kobolds
  3 quokkas
  4 frilled lizards
  2 hobgoblin zombies (Ossuary)
  3 kobold zombies (Ossuary)
  An orc zombie (Ossuary)
  5 rats
  3 briar patches (Swamp:3)
  15 fulminant prisms
1147 creatures vanquished.

Vanquished Creatures (collateral kills)
  A tentacled monstrosity (Swamp:4)
  A hydra (Swamp:2)
  A swamp worm (Swamp:1)
3 creatures vanquished.

Vanquished Creatures (others)
  A bloated husk (Swamp:3)
  2 humans (Snake:4)
  A bush (Lair:5)
  10 demonic plants (Gauntlet)
  6 foxfires (Swamp:4)
  895 fulminant prisms
  46 fungi
  41 plants
  9 withered plants (D:15)
1011 creatures vanquished.

Grand Total: 2161 creatures vanquished

Notes
Turn   | Place    | Note
-------+----------+-------------------------------------------
     0 | D:1      | bonscott the Djinni Conjurer began the quest for the Orb.
     0 | D:1      | bonscott set off with the following spells memorised: Magic
                  | Dart, Searing Ray, Dazzling Flash, Fulminant Prism,
                  | Iskenderun's Mystic Blast.
     0 | D:1      | Reached XP level 1. HP: 15/15 MP: 0/0
   160 | D:1      | Reached XP level 2. HP: 20/21 MP: 0/0
   367 | D:1      | Reached XP level 3. HP: 22/25 MP: 0/0
   367 | D:1      | Learned a level 1 spell: Sting
   501 | D:1      | Reached skill level 4 in Spellcasting
  1115 | D:2      | Found a faded altar of an unknown god.
  1182 | D:2      | Found the +8 trident of the Octopus King {venom, rElec
                  | rPois}
  1324 | D:2      | Reached XP level 4. HP: 28/31 MP: 0/0
  1484 | D:2      | Found a blossoming altar of Fedhas.
  1710 | D:3      | Noticed a bullfrog
  1725 | D:3      | Killed a bullfrog
  1726 | D:3      | Reached skill level 5 in Spellcasting
  1726 | D:3      | Reached XP level 5. HP: 23/35 MP: 0/0
  1726 | D:3      | Learned a level 2 spell: Wereblood
  1936 | D:3      | Found Peogaumy's General Store.
  1958 | D:3      | Reached XP level 6. HP: 32/40 MP: 0/0
  2329 | D:3      | Bought a potion of brilliance for 44 gold pieces
  2329 | D:3      | Bought a scroll of identify for 22 gold pieces
  2329 | D:3      | Bought a scroll of identify for 22 gold pieces
  2366 | D:4      | Reached skill level 1 in Armour
  2588 | D:4      | Noticed an ogre
  2591 | D:4      | Killed an ogre
  2592 | D:4      | Reached XP level 7. HP: 42/45 MP: 0/0
  2592 | D:4      | Learned a level 3 spell: Swiftness
  2601 | D:4      | Noticed Natasha
  2610 | D:4      | Killed Natasha
  2635 | D:4      | Noticed Natasha
  2637 | D:4      | Killed Natasha
  2806 | D:4      | Found a burning altar of Makhleb.
  2818 | D:4      | Became a worshipper of Makhleb the Destroyer
  2981 | D:4      | Noticed Natasha
  2989 | D:4      | Killed Natasha
  2990 | D:4      | Reached skill level 6 in Spellcasting
  3335 | D:5      | Entered Level 5 of the Dungeon
  3745 | D:5      | Reached XP level 8. HP: 20/50 MP: 0/0
  4145 | D:5      | Reached skill level 7 in Spellcasting
  4368 | D:5      | Reached * piety under Makhleb
  4391 | D:5      | Reached skill level 8 in Spellcasting
  4554 | D:5      | Found Qofipp's Jewellery Shop.
  4661 | D:5      | Noticed a yak
  4860 | D:5      | Noticed Pikel
  4879 | D:5      | Killed Pikel
  4880 | D:5      | Reached XP level 9. HP: 50/61 MP: 0/0
  4880 | D:5      | Learned a level 3 spell: Ozocubu's Armour
  5264 | D:6      | Found a bloodstained altar of Trog.
  5276 | D:6      | Reached skill level 5 in Fighting
  5276 | D:6      | Reached skill level 9 in Spellcasting
  5369 | D:6      | Noticed Menkaure
  5376 | D:6      | Killed Menkaure
  5403 | D:6      | Found a large runed translucent door.
  5414 | D:6      | Found a large runed translucent door.
  5476 | D:6      | Reached XP level 10. HP: 64/70 MP: 0/0
  5575 | D:6      | Found a sand-covered staircase.
  5580 | Ossuary  | Entered an ossuary
  6089 | D:6      | Found a staircase to the Ecumenical Temple.
  6165 | D:6      | Found a snail-covered altar of Cheibriados.
  6225 | D:6      | Found a runed translucent door.
  6227 | D:6      | Found a shimmering altar of Xom.
  6227 | D:6      | Noticed BANAMAN's ghost (novice MiBe)
  6229 | D:6      | Noticed a +2 short sword of chaos
  6445 | D:6      | Noticed Maggie
  6453 | D:6      | Killed Maggie
  6788 | Temple   | Entered the Ecumenical Temple
  6838 | D:7      | Found Esireiwe's Weapon Emporium.
  6916 | D:7      | Found a flagged portal.
  6923 | Bailey   | Entered a bailey
  7109 | Bailey   | Found a large runed translucent door.
  7109 | Bailey   | Found a large runed translucent door.
  7110 | Bailey   | Noticed a deep elf pyromancer
  7110 | Bailey   | Noticed an orc knight
  7150 | Bailey   | Killed an orc knight
  7150 | Bailey   | Reached ** piety under Makhleb
  7164 | Bailey   | Reached skill level 10 in Spellcasting
  7430 | Bailey   | Killed a deep elf pyromancer
  7540 | D:7      | Found a runed translucent gate.
  7541 | D:7      | Found a runed translucent gate.
  7542 | D:7      | Found a runed translucent gate.
  7542 | D:7      | Noticed an unseen horror
  7551 | D:7      | Noticed geeeeen's ghost (novice GnIE)
  7947 | D:7      | Noticed Joseph
  8490 | D:8      | Found Yreng's General Store.
  8586 | D:8      | Reached skill level 1 in Evocations
  8586 | D:8      | Reached XP level 11. HP: 62/81 MP: 0/0
  8586 | D:8      | Learned a level 4 spell: Flame Wave
  8874 | D:8      | Found a white marble altar of Elyvilon.
  8908 | D:8      | Found an iron altar of Okawaru.
  8909 | D:8      | Found a hazy altar of Hepliaklqana.
  8949 | D:8      | Found an ornate altar of the Wu Jian Council.
  9348 | D:8      | Bought a scroll of identify for 32 gold pieces
  9348 | D:8      | Bought a scroll of teleportation for 48 gold pieces
  9736 | D:9      | Found Simyn's General Store.
  9737 | D:9      | Found Ressaamm's Specific Store.
  9743 | D:9      | Found Zyuceone's Assorted Antiques.
  9838 | D:9      | Identified the +4 scale mail "Huptamn" {*Slow MP+9 Int-2
                  | SInv Stlth+}
 10397 | D:10     | Entered Level 10 of the Dungeon
 10423 | D:10     | Noticed a manticore
 10433 | D:10     | Killed a manticore
 10601 | D:10     | Found a staircase to the Lair.
 10826 | D:10     | Noticed Gastronok
 10903 | D:10     | Killed Gastronok
 10904 | D:10     | Reached skill level 11 in Spellcasting
 11158 | D:10     | Reached *** piety under Makhleb
 11268 | D:10     | Reached skill level 10 in Fighting
 11441 | D:11     | Noticed a two-headed ogre
 11687 | D:11     | Found a staircase to the Orcish Mines.
 11780 | D:11     | Noticed a soul eater
 11781 | D:11     | Reached XP level 12. HP: 87/92 MP: 0/0
 12374 | D:11     | Killed a two-headed ogre
 12561 | D:7      | Killed Joseph
 12742 | Lair:1   | Entered Level 1 of the Lair of Beasts
 12759 | Lair:1   | Reached skill level 1 in Shields
 12854 | Lair:1   | Reached **** piety under Makhleb
 12991 | Lair:1   | Found a runed translucent gate.
 12991 | Lair:1   | Found a runed translucent gate.
 12991 | Lair:1   | Found a runed translucent gate.
 12993 | Lair:1   | Noticed Jobeplinet's ghost (journeyman DjVM)
 13016 | Lair:1   | Noticed a death yak
 13016 | Lair:1   | Noticed a death yak
 13017 | Lair:1   | Noticed a death yak
 13017 | Lair:1   | Noticed a death yak
 13017 | Lair:1   | Noticed a death yak
 13063 | Lair:2   | Found a staircase to the Snake Pit.
 13194 | Lair:2   | Reached skill level 5 in Shields
 13303 | Lair:2   | Identified the +1 ring mail "Xeogecu" {Int+2}
 13444 | Lair:2   | Found a staircase to the Swamp.
 14024 | Lair:3   | Reached skill level 12 in Spellcasting
 14216 | Lair:3   | Reached XP level 13. HP: 76/98 MP: 0/0
 14216 | Lair:3   | Learned a level 5 spell: Alistair's Intoxication
 15679 | Lair:5   | Entered Level 5 of the Lair of Beasts
 15928 | Lair:5   | Noticed a four-headed hydra
 15948 | Lair:4   | Killed a four-headed hydra
 16129 | Lair:5   | Reached ***** piety under Makhleb
 16155 | Lair:5   | Reached skill level 13 in Spellcasting
 16801 | Lair:5   | Reached skill level 10 in Shields
 16801 | Lair:5   | Reached XP level 14. HP: 59/103 MP: 0/0
 17130 | Lair:5   | Reached skill level 14 in Spellcasting
 17272 | Lair:5   | Found a viscous altar of Jiyva.
 17278 | Lair:5   | Found a staircase to the Slime Pits.
 18031 | Lair:5   | Found a runed translucent door.
 18031 | Lair:5   | Noticed JaredAshtonScott's ghost (journeyman OgWn)
 18179 | Lair:5   | Killed JaredAshtonScott's ghost
 18228 | Lair:5   | Identified the staff of conjuration "Ylutec" {MP+9}
 18585 | Lair:1   | Reached skill level 15 in Spellcasting
 18860 | Orc:1    | Entered Level 1 of the Orcish Mines
 18912 | Orc:1    | Noticed Erica
 18921 | Orc:1    | Killed Erica
 18988 | Orc:1    | Found a dark tunnel.
 18994 | Volcano  | Entered a volcano
 19137 | Orc:1    | You are sucked into a shaft and drop 1 floor!
 19137 | Orc:2    | Entered Level 2 of the Orcish Mines
 19137 | Orc:2    | Found a gate leading to a gauntlet.
 19145 | Gauntlet | Entered a Gauntlet
 19145 | Gauntlet | Found a transporter.
 19145 | Gauntlet | Found a transporter.
 19145 | Gauntlet | Found a transporter.
 19169 | Gauntlet | Found a transporter.
 19181 | Gauntlet | Found a transporter.
 19184 | Gauntlet | Found a transporter.
 19194 | Gauntlet | Found a transporter.
 19211 | Gauntlet | Found a transporter.
 19214 | Gauntlet | Found a transporter.
 19217 | Gauntlet | Found a transporter.
 19219 | Gauntlet | Found a runed translucent door.
 19221 | Gauntlet | Found a runed translucent door.
 19225 | Gauntlet | Found a transporter.
 19228 | Gauntlet | Found a transporter.
 19251 | Gauntlet | Found a runed translucent door.
 19482 | Orc:2    | Reached XP level 15. HP: 111/111 MP: 0/0
 19482 | Orc:2    | Learned a level 6 spell: Starburst
 19716 | Orc:1    | Noticed Erolcha
 19722 | Orc:1    | Killed Erolcha
 19752 | Orc:1    | Reached ****** piety under Makhleb
 19883 | Orc:1    | Noticed Harold
 19894 | Orc:1    | Killed Harold
 20746 | Orc:2    | Found a staircase to the Elven Halls.
 20928 | Orc:2    | Found Xearug's Book Shoppe.
 20928 | Orc:2    | Found Riwkonoh's Assorted Antiques.
 20929 | Orc:2    | Found Jaschair's Magic Scroll Boutique.
 20929 | Orc:2    | Found Lehehi Luiq's General Store.
 21183 | D:5      | Bought the ring "Omul" {Will+ SInv} for 386 gold pieces
 21490 | D:12     | Noticed Nessos
 21502 | D:12     | Killed Nessos
 21703 | D:12     | Noticed Rupert
 22154 | D:12     | Paralysed by Rupert for 5 turns
 22172 | D:12     | Killed Rupert
 22544 | D:13     | Reached skill level 5 in Evocations
 22927 | D:13     | Reached XP level 16. HP: 119/120 MP: 0/0
 23071 | D:13     | Found a gate to the Vaults.
 23305 | D:13     | Identified a scroll of acquirement
 23305 | D:13     | Acquired 575 gold pieces
 23457 | D:14     | Found a runed translucent gate.
 23636 | D:14     | Reached skill level 5 in Armour
 23881 | D:14     | Found a runed translucent gate.
 23881 | D:14     | Found a runed translucent gate.
 23881 | D:14     | Noticed Oweat's ghost (journeyman MiBe)
 24127 | D:15     | Entered Level 15 of the Dungeon
 24547 | D:15     | Reached skill level 5 in Dodging
 24648 | D:15     | Found a staircase to the Depths.
 24998 | D:15     | Found a portal to a secret trove of treasure.
 25491 | D:9      | Bought a runed helmet for 187 gold pieces
 25507 | D:9      | Bought the ring of Baargh {+Blink rN+ Dex+2 Stlth+} for 410
                  | gold pieces
 25700 | Snake:1  | Entered Level 1 of the Snake Pit
 25770 | Snake:1  | Identified the +0 dagger of Chaos {flame, Dex+2}
 25877 | Snake:1  | Found Qoip's Distillery.
 25881 | Snake:1  | Found Biopufid's Assorted Antiques.
 25881 | Snake:1  | Found Affekh's General Store.
 26353 | Snake:1  | Reached XP level 17. HP: 125/125 MP: 0/0
 26353 | Snake:1  | Learned a level 6 spell: Iron Shot
 26623 | Snake:1  | Found Miruz's Antique Weapon Emporium.
 27839 | Snake:3  | Noticed Aizul
 27846 | Snake:3  | Reached skill level 10 in Armour
 27846 | Snake:3  | Killed Aizul
 27852 | Snake:3  | Reached skill level 10 in Dodging
 28306 | Snake:3  | Noticed Mara
 28320 | Snake:3  | Noticed bonscott's illusion
 28328 | Snake:3  | Noticed bonscott's illusion
 28436 | Snake:3  | Noticed bonscott's illusion
 28469 | Snake:3  | Killed Mara
 28770 | Snake:4  | Entered Level 4 of the Snake Pit
 28871 | Snake:4  | Noticed Agnes
 28893 | Snake:4  | Killed Agnes
 29203 | Snake:4  | Reached XP level 18. HP: 86/131 MP: 0/0
 29392 | Snake:4  | Noticed Kirke
 30201 | Snake:4  | Killed Kirke
 30747 | Snake:4  | Got a serpentine rune of Zot
 31117 | Snake:1  | Bought a scroll of teleportation for 30 gold pieces
 31117 | Snake:1  | Bought a scroll of blinking for 75 gold pieces
 31203 | Snake:1  | Bought a potion of experience for 800 gold pieces
 31203 | Snake:1  | Reached skill level 16 in Spellcasting
 31203 | Snake:1  | Reached XP level 19. HP: 137/137 MP: 0/0
 31203 | Snake:1  | Learned a level 7 spell: Summon Hydra
 31281 | Swamp:1  | Entered Level 1 of the Swamp
 31480 | Swamp:1  | Noticed Frances
 31509 | Swamp:1  | Killed Frances
 31555 | Swamp:1  | Reached skill level 15 in Shields
 31583 | Swamp:1  | Acquired a manual of Evocations
 32547 | Swamp:3  | Noticed Jorgrun
 32552 | Swamp:3  | Killed Jorgrun
 32554 | Swamp:3  | Reached XP level 20. HP: 143/143 MP: 0/0
 32753 | Swamp:3  | Noticed Roxanne
 32834 | Swamp:3  | Killed Roxanne
 32931 | Swamp:4  | Entered Level 4 of the Swamp
 32931 | Swamp:4  | Noticed Nikola
 32943 | Swamp:3  | Killed Nikola
 33031 | Swamp:4  | Noticed a tentacled monstrosity
 33042 | Swamp:4  | Killed a tentacled monstrosity
 33300 | Swamp:4  | Noticed the 27-headed Lernaean hydra
 33318 | Swamp:4  | Killed the 27-headed Lernaean hydra
 33374 | Swamp:4  | Reached skill level 17 in Spellcasting
 33465 | Swamp:4  | Got a decaying rune of Zot
 33524 | Swamp:4  | Identified the +7 trident of Cuasoip {drain, rCorr}
 33790 | Elf:1    | Entered Level 1 of the Elven Halls
 34411 | Elf:1    | Identified the amulet "Jeheitry" {RegenMP rF+ Stlth+}
 34424 | Elf:1    | Noticed a Brimstone Fiend
 34456 | Elf:1    | Noticed a Hell Sentinel
 34928 | Elf:2    | Found Lases's Antique Armour Shop.
 34971 | Elf:2    | Identified the +10 mace of Revolt {chaos, Will++ rCorr
                  | Int-2 Stlth+}
 35107 | Elf:2    | Found a runed translucent door.
 35134 | Elf:2    | Found a runed translucent door.
 35151 | Elf:2    | Reached XP level 21. HP: 125/150 MP: 0/0
 35151 | Elf:2    | Learned a level 8 spell: Borgnjor's Revivification
 35271 | Elf:2    | Reached skill level 10 in Evocations
 35679 | Elf:2    | Paralysed by an air elemental for 1 turns
 35741 | Elf:3    | Entered Level 3 of the Elven Halls
 35830 | Elf:3    | Found a runed translucent door.
 35831 | Elf:3    | Noticed Hulashix's ghost (journeyman MiBe)
 35834 | Elf:3    | Identified the +0 falchion "Anlip" {antimagic, *Corrode
                  | rPois rN+ Dex+2}
 36815 | Elf:3    | Reached skill level 18 in Spellcasting
 37045 | Elf:3    | Found the +8 lance "Wyrmbane" {slay drac, rPois rF+ rC+
                  | AC+3}
 37062 | Elf:3    | Identified the +2 pair of gloves of Cets {Harm Str+3}
 37072 | Elf:3    | Identified the ring of Mutualism {Ice Int+4 Slay+2}
 37074 | Elf:3    | Identified the staff of fire "Ijaleniv" {rF+ Dex+6 Stlth+}
 37094 | Elf:3    | Identified the +0 scale mail of the Untouchables {Rampage
                  | Str+4 Dex-3 Slay+3}
 37322 | Elf:3    | Killed Hulashix's ghost
 37858 | Vaults:1 | Entered Level 1 of the Vaults
 37917 | Vaults:1 | Reached XP level 22. HP: 138/158 MP: 0/0
 38773 | Vaults:1 | HP: 3/160 [ironbound thunderhulk/bolt of lightning (60)]
 38774 | Vaults:1 | Killed from afar by an ironbound thunderhulk

Illustrated notes

Levels and vault maps discovered:
D:1:      minmay_arrival_split_and_join, layout_basic
D:2:      layout_basic, shapermc_ecumenical_altar_acropolis, basic_altar
D:3:      cheibrodos_helix_gallery, layout_basic, serial_shops, shop
D:4:      layout_basic, makhleb_heckhound_becter, supply_closet_lemuel,
          uniq_natasha
D:5:      kennysheep_slugbush, layout_layer_cave, serial_shops,
          nicolae_shop_advertising_works [nicolae_subvault_shop_adworks],
          feat_on_display, uniq_pikel
D:6:      layout_gridville, bloody_trog, jmf_multi_god_temple2,
          minmay_temple_entry_statues_fountains, ebering_ghost_xom,
          nicolae_ossuary_entry_plus, uniq_maggie, uniq_menkaure
D:7:      layout_loops_ring, gammafunk_ghost_split, serial_shops, shop_statue,
          enter_bailey_3, uniq_joseph
D:8:      layout_cave_pools, mainiacjoe_overflow_alcove_3, serial_shops,
          nicolae_stop_n_shop_1, hangedman_incinerator
D:9:      layout_basic, serial_shops, shop, nicolae_specific_store,
          chequers_serial_rivers_small_3
D:10:     layout_basic, erik_lair_orcish_takeover, uniq_gastronok
D:11:     layout_loops_ring, erik_orc_3
D:12:     layout_loops_ring, water_maze_lemuel, uniq_nessos, uniq_rupert
D:13:     layout_small_grid, grunt_vaults_entry_fortified
D:14:     layout_loops_ring, nicolae_concentric_dashed_squares_wild,
          gammafunk_ghost_necromancy
D:15:     gammafunk_depths_entry_grave, layout_gridville, enter_trove_2,
          eino_curves_03
Temple:   dpeg_chambers_temple
Lair:1:   layout_roguey, gammafunk_ghost_split
Lair:2:   layout_regular_city, swamp_mist_pool, minmay_snake_entry_spellcaster,
          small_statue_intersection, grunt_megastairs_1,
          infiniplex_staircase_pool
Lair:3:   layout_cave_pods, hangedman_lair_unloving_vines, evilmike_ambush
          [evilmike_ambush_outer_basic, evilmike_ambush_inner_basic],
          grunt_megastairs_5
Lair:4:   layout_loops_ring, lemuel_fruit_tree
Lair:5:   evilmike_catoblepas_cave, layout_hall_layers, slime_entry_1,
          gammafunk_ghost_grave, minivault_19, grunt_megastairs_3
Swamp:1:  layout_basic_swamp, evilmike_swamp_ruin_house_6, swamp_pool1,
          nicolae_swamp_feature_on_the_river_bank, uniq_frances
Swamp:2:  layout_basic_swamp, evilmike_swamp_ruin_house_5,
          infiniplex_staircase_pool_2
Swamp:3:  layout_basic_swamp, evilmike_swamp_ruin_house_3, uniq_jorgrun,
          uniq_roxanne
Swamp:4:  swamp_old_school, layout_basic_swamp, swamp_pool1, uniq_nikola
Snake:1:  layout_layer_cave, serial_shops, shop, minmay_shop_star
Snake:2:  layout_gridlike, serial_curves, eino_curves_02, eino_curves_02
Snake:3:  layout_gridlike, nicolae_snake_flat_spine,
          hangedman_snake_corridor_cut, uniq_aizul, uniq_mara
Snake:4:  grunt_snake_rune_spirals, layout_onion, uniq_kirke, uniq_agnes
Orc:1:    lemuel_ogre_cave, layout_caves, nicolae_volcano_entry_lava_flow,
          roderic_batcave, uniq_erica, uniq_erolcha, uniq_harold
Orc:2:    st_orc_elflike, layout_diamond_mine, gauntlet_entry_generic
Elf:1:    layout_loops_ring, minmay_elf_annihilation,
          hangedman_elf_power_crystal, hangedman_summoners_spam
Elf:2:    nicolae_elf_blades_splatter_lattice
          [nicolae_blade_entry_splitting_headache], layout_geoelf_octagon,
          serial_shops, shop_coins, lemuel_upstairs_altar
Elf:3:    elf_hall, layout_loops_ring, gammafunk_ghost_grave, basic_altar,
          minmay_misc_feat_columns
Vaults:1: vaults_dpeg_hooks, hangedman_vaults_restitches,
          vaults_room_glass_cross, ontoclasm_vaults_idyll,
          vaults_standard_mumra_x, v_alt_pattern_2,
          ontoclasm_vaults_claustrophobia, nicolae_vaults_apartment_1,
          nicolae_vaults_double_plus_2, layout_vaults_quadrants

Skill      XL: |  1  2  3  4  5  6  7  8  9 10 11 12 13 14 15 16 17 18 19 20 21 22 |
---------------+-------------------------------------------------------------------+-----
Spellcasting   | 4 5 6 8 9 10 11 12 13 15 16 17 18 | 18.3
Armour         | 2 4 8 11 12 13 14 | 14.0
Fighting       | 3 5 8 10 11 12 13 14 | 14.8
Evocations     | 1 4 6 8 9 12 | 12.0
Shields        | 6 10 12 14 15 | 15.0
Dodging        | 8 11 12 13 14 | 14.0
Stealth        | |  1.5

Action                     |  1- 3 |  4- 6 |  7- 9 | 10-12 | 13-15 | 16-18 | 19-21 | 22-24 || total
---------------------------+-------+-------+-------+-------+-------+-------+-------+-------++-------
  Melee: Trident           |       |     1 |       |    78 |    16 |       |     1 |       ||    96
         Punch             |       |       |       |     1 |       |       |       |       ||     1
         Staff             |       |       |       |       |     5 |     3 |       |       ||     8
         Mace              |       |       |       |       |       |       |     1 |       ||     1
  Throw: Dart              |       |       |     5 |     2 |     4 |       |     1 |       ||    12
         Boomerang         |       |       |       |     1 |       |       |       |       ||     1
         Throwing net      |       |       |       |       |     1 |       |       |       ||     1
         Javelin           |       |       |       |       |       |     1 |       |       ||     1
   Cast: Magic Dart        |    55 |    86 |    99 |   206 |    70 |    40 |    15 |       ||   571
         Searing Ray       |    10 |    10 |    36 |   104 |    47 |    13 |       |       ||   220
         Fulminant Prism   |       |       |     2 |    44 |   363 |   276 |   213 |    14 ||   912
         Sting             |       |       |     1 |    55 |     2 |       |       |       ||    58
         Ozocubu's Armour  |       |       |     2 |    12 |     8 |     2 |     2 |       ||    26
         Iskenderun's Myst |       |       |       |    66 |    40 |    14 |     1 |       ||   121
         Wereblood         |       |       |       |       |    30 |    42 |    28 |     6 ||   106
         Swiftness         |       |       |       |       |     5 |     1 |     2 |     1 ||     9
         Starburst         |       |       |       |       |       |   192 |   193 |    65 ||   450
         Iron Shot         |       |       |       |       |       |     4 |    98 |     6 ||   108
         Alistair's Intoxi |       |       |       |       |       |     2 |       |       ||     2
         Summon Hydra      |       |       |       |       |       |       |     7 |       ||     7
         Flame Wave        |       |       |       |       |       |       |     4 |       ||     4
         Dazzling Flash    |       |       |       |       |       |       |     1 |       ||     1
  Evoke: Wand              |       |       |     5 |     6 |     2 |       |       |       ||    13
    Use: Scroll            |     1 |     4 |     5 |    15 |     8 |     3 |     3 |       ||    39
         Potion            |       |       |       |     1 |     1 |     2 |       |     1 ||     5
   Stab: Sleeping          |       |       |       |     1 |       |       |       |       ||     1
 Armour: Robe              |     4 |     1 |     5 |     3 |       |       |       |       ||    13
         Steam dragon scal |       |       |       |    22 |       |       |       |       ||    22
         Troll leather arm |       |       |       |    55 |    83 |    25 |    17 |     2 ||   182
  Dodge: Dodged            |     6 |     3 |    15 |   124 |   117 |    75 |    51 |     3 ||   394
  Block: Buckler           |       |       |       |    10 |     2 |       |       |       ||    12
         Kite shield       |       |       |       |       |   173 |     3 |       |       ||   176
         Tower shield      |       |       |       |       |       |   162 |   114 |    13 ||   289
